 Dungeon Sprint DCSS version 0.31.0-12-g77e489cdc1 (webtiles) character file.

Game seed: 11442573658295950329

18362 Heoruswealwe the Phalangite (level 12, -6/130 HPs)
             Began as a Minotaur Fighter on Feb 23, 2024.
             Was an Initiate of Gozag.
             Mangled by a 16-headed hydra (9 damage)
             ... in the Dungeon (Sprint IX: "|||||||||||||||||||||||||||||").
             The game lasted 00:23:08 (3745 turns).

Heoruswealwe the Phalangite (Minotaur Fighter)      Turns: 3745, Time: 00:23:09

Health: -6/130     AC: 26    Str: 26    XL:     12   Next: 27%
Magic:  11/11      EV:  8    Int:  5    God:    Gozag
Gold:   473        SH:  5    Dex: 10    Spells: 11/11 levels left

rFire   . . .        b - +2 halberd (venom)
rCold   + + .        (shield currently unavailable)
rNeg    . . .        c - +0 plate armour
rPois   +            (helmet restricted)
rElec   .            h - +0 cloak
rCorr   .            f - +0 pair of gloves
SInv    .            e - +2 pair of boots {Fly}
Will    .....        i - amulet of reflection Stlth
                     k - ring of poison resistance
HPRegen 0.41/turn    j - ring "Wyseg" {Fly rC++}
MPRegen 0.12/turn

%: no teleportation, reflection
@: flying
A: horns 2, retaliatory headbutt
a: Renounce Religion, Potion Petition, Call Merchant, Bribe Branch


You were in the Dungeon.
You worshipped Gozag.
Gozag was aware of your devotion.
You visited 1 branch You collected 9659 gold pieces.
You spent 5548 gold pieces at shops.
You paid 3638 gold pieces to Gozag.

Inventory:

Hand Weapons
 a - a +0 demon trident
 b - a +2 halberd of venom (weapon)
 A - the +8 demon blade "Leech" {evervamp, Harm ^Drain rN+}
   (You bought it in a shop in the Dungeon)

   rN+:       It protects you from negative energy.
   ^Drain:    It drains your maximum health when unequipped.
   Harm:      It increases damage dealt and taken.
Armour
 c - a +0 plate armour (worn)
 d - a +1 tower shield
 e - a +2 pair of boots of flying (worn)
 f - a +0 pair of gloves (worn)
 h - a +0 cloak (worn)
Jewellery
 i - an amulet of reflection (around neck)
 j - the ring "Wyseg" (right hand) {Fly rC++}
   (You bought it in a shop in the Dungeon)

   [ring of flight]

   rC++:      It greatly protects you from cold.
   Fly:       It grants you flight.
 k - a ring of poison resistance (left hand)
Wands
 l - a wand of roots (10)
Scrolls
 m - 7 scrolls of enchant weapon
 n - 7 scrolls of identify
 o - 8 scrolls of enchant armour
 p - 4 scrolls of blinking
Potions
 g - 4 potions of haste
 q - a potion of heal wounds
 s - a potion of mutation
Miscellaneous
 r - a lightning rod (4/4)


   Skills:
 + Level 19.2 Fighting
 * Level 25.7 Polearms
 + Level 19.2 Armour
 - Level 3.6 Shields


You had 11 spell levels left.
You didn't know any spells.
Your spell library was empty.

Dungeon Overview and Level Annotations

Branches:
Dungeon (1/1)

Altars:
Cheibriados
Dithmenos
Elyvilon
Fedhas
Gozag
Hepliaklqana
Kikubaaqudgha
Makhleb
Nemelex Xobeh
Okawaru
Qazlal
Ru
Sif Muna
Trog
Uskayaw
Vehumet
Wu Jian
Xom
Yredelemnul
Zin
The Shining One
Jiyva
Lugonu

Shops:
D ((=*=?[(


Innate Abilities, Weirdness & Mutations

You have a pair of horns on your head.
You reflexively headbutt those who attack you in melee.


Message History

* * * LOW HITPOINT WARNING * * *
The 15-headed hydra bites you but does no damage.
You block the 15-headed hydra's attack.
The 15-headed hydra bites you but does no damage. x5
The skeletal warrior hits you from afar with a +0 trident.
* * * LOW HITPOINT WARNING * * *
You feel much better. You block the 15-headed hydra's attack.
The 15-headed hydra bites you.
* * * LOW HITPOINT WARNING * * *
The 15-headed hydra bites you but does no damage.
The 15-headed hydra barely misses you.
The 15-headed hydra bites you but does no damage.
The 15-headed hydra bites you.
* * * LOW HITPOINT WARNING * * *
The 15-headed hydra barely misses you.
The 15-headed hydra bites you but does no damage.
The 15-headed hydra bites you.
* * * LOW HITPOINT WARNING * * *
The 15-headed hydra bites you but does no damage. x3
The 15-headed hydra bites you!
* * * LOW HITPOINT WARNING * * *
The 15-headed hydra bites you but does no damage. x2
The skeletal warrior completely misses you.
You hack one of the 15-headed hydra's heads off!
The 14-headed hydra grows two more!
You puncture the 16-headed hydra!
The 16-headed hydra is almost dead.
The 16-headed hydra bites you but does no damage. x2
The 16-headed hydra misses you.
The 16-headed hydra bites you but does no damage. x3
The 16-headed hydra bites you.
* * * LOW HITPOINT WARNING * * *
The 16-headed hydra bites you but does no damage.
The 16-headed hydra bites you.
* * * LOW HITPOINT WARNING * * *
The 16-headed hydra bites you but does no damage.
The 16-headed hydra barely misses you. x2; The 16-headed hydra bites you.
* * * LOW HITPOINT WARNING * * *
The 16-headed hydra bites you!
You die...
Your body crumbles into a pile of gold.

+*,*,*,*,*,*,*,*,▓.▓.▓[▓.▓.▓.▓
,*,*,*,*,*,*,*,▓S▓.▓∩▓.▓.▓.▓.▓
,*,*,*,*,*,*,*,▓Y▓.▓.▓.▓.▓.▓=▓
,*,*,*,*,*,*,*,▓D▓.▓∩▓.▓.▓.▓[▓
,*,*,*,*,*,*+*,▓H▓.▓.▓.▓.▓.▓[▓
,*,*,*,*,*,*,*,▓Q▓.▓.▓.▓.▓.▓)▓
,*,*,*,*,*,*,*,▓z▓.▓.▓.▓.▓.▓?▓
,*,*,*,*,*,*,*,▓D▓.▓.▓.▓.▓.▓!▓
,*,*,*,*,*,*,*,▓@▓.▓!▓.▓'▓.▓'▓
,*,*,*,*,*,*,*,▓.▓.▓[▓.▓.▓.▓_▓
,*,*,*,*,*,*,*,▓.▓.▓.▓.▓.▓.▓_▓
,*,*,*,*,*,*,*,▓.▓.▓.▓.▓.▓.▓_▓
,*,*,*,*,*,*,*,▓.▓.▓.▓.▓.▓.▓_▓
,*,*,*,*+*,*,*,▓.▓.▓.▓.▓.▓.▓_▓
+*,*,*,*,*,*+*,▓.▓.▓.▓.▓.▓.▓_▓
,*,*,*,*,*,*,*,▓.▓.▓.▓.▓.▓.▓_▓
,*,*,*,*,*,*,*,▓?▓.▓.▓.▓.▓.▓_▓


You could see a fire dragon, a catoblepas, a 16-headed hydra (extremely
poisoned), a skeletal warrior, a tengu warrior, a manticore and a black mamba.

Vanquished Creatures
  A dire elephant (D)
  A rakshasa (D)
  A hydra (D)
  Erica (D)
  4 ogre magi (D)
  3 two-headed ogres (D)
  A death yak (D)
  Urug (D)
  A skyshark (D)
  3 orc knights (D)
  2 manticores (D)
  An ugly thing (D)
  7 elephants (D)
  2 cane toads (D)
  A rime drake (D)
  A komodo dragon (D)
  Psyche (D)
  3 trolls (D)
  2 blink frogs (D)
  A wraith (D)
  A basilisk (D)
  2 yaks (D)
  3 water moccasins (D)
  An acid dragon (D)
  9 orc warriors (D)
  8 ogres (D)
  A wolf (D)
  2 bullfrogs (D)
  2 howler monkeys (D)
  3 orc priests (D)
  2 orc wizards (D)
  A gnoll (D)
  11 orcs (D)
  3 endoplasms (D)
  2 bats (D)
89 creatures vanquished.

Notes
Turn   | Place    | Note
-------+----------+-------------------------------------------
     0 | D        | Heoruswealwe the Minotaur Fighter began the quest for the
                  | Orb.
     0 | D        | Reached XP level 1. HP: 19/19 MP: 0/0
     5 | D        | Reached skill level 3 in Polearms
    20 | D        | Noticed an ogre
    20 | D        | Noticed a howler monkey
    23 | D        | Reached skill level 4 in Polearms
    27 | D        | Reached XP level 2. HP: 28/28 MP: 1/1
    30 | D        | Killed a howler monkey
    31 | D        | Reached skill level 5 in Fighting
    31 | D        | Reached skill level 6 in Polearms
    31 | D        | Reached skill level 5 in Armour
    31 | D        | Reached XP level 3. HP: 16/36 MP: 2/2
    35 | D        | Killed an ogre
    36 | D        | Reached skill level 8 in Polearms
    36 | D        | Reached XP level 4. HP: 17/45 MP: 3/3
    42 | D        | Reached XP level 5. HP: 21/52 MP: 4/4
    48 | D        | Found a snail-covered altar of Cheibriados.
    48 | D        | Found a shadowy altar of Dithmenos.
    48 | D        | Found a white marble altar of Elyvilon.
    48 | D        | Found a blossoming altar of Fedhas.
    48 | D        | Found an opulent altar of Gozag.
    49 | D        | Found a hazy altar of Hepliaklqana.
    50 | D        | Found a viscous altar of Jiyva.
    51 | D        | Found an ancient bone altar of Kikubaaqudgha.
    52 | D        | Found a corrupted altar of Lugonu.
    53 | D        | Found a burning altar of Makhleb.
    54 | D        | Found a sparkling altar of Nemelex Xobeh.
    55 | D        | Found an iron altar of Okawaru.
    56 | D        | Became a worshipper of Gozag Ym Sagoz the Greedy
    57 | D        | Found a stormy altar of Qazlal.
    58 | D        | Found a sacrificial altar of Ru.
    59 | D        | Found a shimmering blue altar of Sif Muna.
    60 | D        | Found a bloodstained altar of Trog.
    61 | D        | Found a hide-covered altar of Uskayaw.
    62 | D        | Found a radiant altar of Vehumet.
    63 | D        | Found an ornate altar of the Wu Jian Council.
    64 | D        | Found a shimmering altar of Xom.
    65 | D        | Found a basalt altar of Yredelemnul.
    66 | D        | Found a glowing silver altar of Zin.
    67 | D        | Found a glowing golden altar of the Shining One.
   154 | D        | Noticed an acid dragon
   154 | D        | Noticed a troll
   154 | D        | Noticed an orc warrior
   154 | D        | Noticed a wraith
   154 | D        | Noticed a two-headed ogre
   161 | D        | Killed a two-headed ogre
   162 | D        | Reached skill level 10 in Fighting
   162 | D        | Reached skill level 13 in Polearms
   162 | D        | Reached skill level 10 in Armour
   162 | D        | Reached XP level 6. HP: 37/67 MP: 5/5
   162 | D        | Reached XP level 7. HP: 41/73 MP: 6/6
   169 | D        | Killed a wraith
   170 | D        | Reached skill level 14 in Polearms
   173 | D        | Killed a troll
   174 | D        | Reached XP level 8. HP: 25/82 MP: 7/7
   175 | D        | Reached skill level 15 in Polearms
   175 | D        | HP: 4/82 [acid dragon/splash of acid (21)]
   331 | D        | Noticed a manticore
   331 | D        | Noticed a purple ugly thing
   331 | D        | Noticed a troll
   331 | D        | Noticed a troll
   331 | D        | Noticed a manticore
   331 | D        | Noticed a rakshasa
   345 | D        | Killed a rakshasa
   346 | D        | Reached skill level 16 in Polearms
   348 | D        | Killed a manticore
   349 | D        | Reached skill level 17 in Polearms
   349 | D        | Reached XP level 9. HP: 39/93 MP: 8/8
   354 | D        | Killed a purple ugly thing
   355 | D        | Reached skill level 18 in Polearms
   358 | D        | Killed a troll
   360 | D        | Killed a troll
   363 | D        | Killed a manticore
   653 | D        | Noticed a cane toad
   653 | D        | Noticed a cane toad
   655 | D        | Noticed a skyshark
   658 | D        | Killed a cane toad
   659 | D        | Reached skill level 19 in Polearms
   662 | D        | Reached XP level 10. HP: 104/104 MP: 9/9
   669 | D        | Killed a cane toad
   684 | D        | Killed a skyshark
   685 | D        | Reached skill level 15 in Fighting
   685 | D        | Reached skill level 20 in Polearms
   685 | D        | Reached skill level 15 in Armour
   859 | D        | Noticed a death yak
   860 | D        | Noticed a six-headed hydra
   874 | D        | Killed a death yak
   875 | D        | Reached skill level 21 in Polearms
   881 | D        | Killed an 11-headed hydra
  1154 | D        | Noticed an elephant
  1154 | D        | Noticed a dire elephant
  1154 | D        | Noticed an elephant
  1154 | D        | Noticed an elephant
  1154 | D        | Noticed an elephant
  1154 | D        | Noticed an elephant
  1158 | D        | Killed an elephant
  1159 | D        | Reached XP level 11. HP: 112/115 MP: 10/10
  1166 | D        | Reached skill level 22 in Polearms
  1180 | D        | Killed a dire elephant
  1199 | D        | Reached skill level 23 in Polearms
  1480 | D        | Noticed Urug
  1492 | D        | Killed Urug
  1762 | D        | Noticed an orc knight
  1778 | D        | Killed an orc knight
  1779 | D        | Noticed an orc knight
  1795 | D        | Noticed an orc knight
  1820 | D        | Killed an orc knight
  1825 | D        | Killed an orc knight
  1826 | D        | Reached skill level 24 in Polearms
  2123 | D        | Found Yhualadd's Antique Weapon Boutique.
  2123 | D        | Noticed an ogre mage
  2123 | D        | Noticed an ogre mage
  2123 | D        | Noticed an ogre mage
  2123 | D        | Noticed an ogre mage
  2123 | D        | Paralysed by an ogre mage for 2 turns
  2126 | D        | Paralysed by an ogre mage for 3 turns
  2133 | D        | Killed an ogre mage
  2137 | D        | Paralysed by something for 5 turns
  2146 | D        | Killed an ogre mage
  2154 | D        | Killed an ogre mage
  2159 | D        | Killed an ogre mage
  2160 | D        | Reached skill level 25 in Polearms
  2160 | D        | Reached XP level 12. HP: 26/128 MP: 11/11
  2412 | D        | Found Geill's Antique Armour Shop.
  2416 | D        | Found Xaczit's Magic Scroll Boutique.
  2420 | D        | Found Curisk's Jewellery Shop.
  2422 | D        | Noticed a two-headed ogre
  2438 | D        | Killed a two-headed ogre
  2442 | D        | Noticed a two-headed ogre
  2450 | D        | Killed a two-headed ogre
  2508 | D        | Noticed Erica
  2516 | D        | Killed Erica
  2694 | D        | Bought a pair of runed boots for 172 gold pieces
  2705 | D        | Bought a scroll of enchant armour for 90 gold pieces
  2705 | D        | Bought a scroll of identify for 24 gold pieces
  2705 | D        | Bought a scroll of poison for 48 gold pieces
  2705 | D        | Bought a scroll of identify for 24 gold pieces
  2705 | D        | Bought a scroll of blinking for 90 gold pieces
  2705 | D        | Bought a scroll of identify for 24 gold pieces
  2705 | D        | Bought a scroll of identify for 24 gold pieces
  2705 | D        | Bought a scroll of blinking for 90 gold pieces
  2705 | D        | Bought a scroll of identify for 24 gold pieces
  2729 | D        | Bought a scroll of enchant armour for 120 gold pieces
  2729 | D        | Bought a scroll of revelation for 120 gold pieces
  2729 | D        | Bought a wand of digging (4) for 268 gold pieces
  2729 | D        | Bought a scroll of identify for 32 gold pieces
  2729 | D        | Bought a lightning rod (4/4) for 640 gold pieces
  2729 | D        | Bought a potion of attraction for 48 gold pieces
  3379 | D        | Bought the ring "Wyseg" {Fly rC++} for 630 gold pieces
  3385 | D        | Bought the +8 demon blade "Leech" {evervamp, Harm ^Drain
                  | rN+} for 3080 gold pieces
  3385 | D        | Found the +8 demon blade "Leech" {evervamp, Harm ^Drain
                  | rN+}
  3404 | D        | Noticed Psyche
  3448 | D        | Killed Psyche
  3733 | D        | Noticed a fire dragon
  3733 | D        | Noticed a tengu warrior
  3733 | D        | Noticed a seven-headed hydra
  3737 | D        | Noticed a catoblepas
  3743 | D        | HP: 5/130 [skeletal warrior/+0 trident (6)]
  3745 | D        | Mangled by a 16-headed hydra

Illustrated notes

Levels and vault maps discovered:
D:        linesprint [early_d, line_temple, items_1, d_10, items_2, lair_1,
          lair_end, items_3, orc_1, orc_end, items_4, d_15, swamp_1, shoals_1,
          snake_1, spider_1, d_20, vaults_1, items_5, swamp_end, shoals_end,
          snake_end, spider_end, vaults_end, d_27, items_6, zot_1, zot_end,
          crypt_end, forest_end, elf_end, slime_end, tomb_end, abyss_end,
          pan_hell_end]

Skill      XL: |  1  2  3  4  5  6  7  8  9 10 11 12 |
---------------+-------------------------------------+-----
Polearms       | 4 6 8 13 14 17 19 21 25 | 25.7
Fighting       | 4 5 6 7 10 11 13 14 16 18 19 | 19.2
Armour         | 4 5 6 7 10 11 13 14 16 18 19 | 19.2
Shields        | |  3.6

Action                     |  1- 3 |  4- 6 |  7- 9 | 10-12 || total
---------------------------+-------+-------+-------+-------++-------
  Melee: Trident           |    24 |     6 |       |       ||    30
         Headbutt          |     4 |       |    15 |    58 ||    77
         Halberd           |       |     6 |    54 |   255 ||   315
         Unarmed           |       |       |       |     4 ||     4
 Invoke: Call Merchant     |       |       |       |     4 ||     4
    Use: Potion            |     1 |     1 |     1 |    14 ||    17
         Scroll            |       |       |       |     1 ||     1
   Stab: Distracted        |       |       |       |     4 ||     4
 Armour: Scale mail        |    17 |     2 |       |       ||    19
         Plate armour      |       |     6 |    31 |   273 ||   310
         Skin              |       |       |       |     4 ||     4
  Dodge: Dodged            |     7 |     4 |    14 |    81 ||   106
  Block: Buckler           |     2 |       |       |       ||     2
         Other             |       |       |       |     5 ||     5
